 Dungeon Crawl Stone Soup version 0.28.0-1-gb440e238dd (webtiles) character file.

Game seed: 15117647827913397769

1042 themarg the Destroyer (level 8, -1/43 HPs)
             Began as a Tengu Conjurer on Feb 22, 2022.
             Was a Follower of Vehumet.
             Slain by an orc warrior (15 damage)
             ... on level 5 of the Dungeon.
             The game lasted 00:31:36 (6553 turns).

themarg the Destroyer (Tengu Conjurer)              Turns: 6553, Time: 00:31:37

Health: -1/43      AC:  6    Str:  7    XL:     8   Next: 25%
Magic:  12/16      EV: 14    Int: 22    God:    Vehumet [*.....]
Gold:   122        SH:  5    Dex: 12    Spells: 8/16 levels left

rFire   . . .      SeeInvis .   k - +7 short sword (drain)
rCold   . . .      Faith    .   (no shield)
rNeg    . . .      Spirit   .   n - +3 leather armour
rPois   .          Reflect  +   (helmet restricted)
rElec   .          Harm     .   (no cloak)
rCorr   .          Rampage  .   (no gloves)
Will    .....                   (boots unavailable)
Stlth   ++........              b - amulet of reflection
HPRegen 0.14/turn               (no ring)
MPRegen 0.15/turn               (no ring)

@: flying quickly and evasively, quick
A: beak, talons 3, nimble flight
a: Renounce Religion


You were on level 5 of the Dungeon.
You worshipped Vehumet.
Vehumet was aware of your devotion.
You visited 1 branch of the dungeon, and saw 6 of its levels.

You collected 170 gold pieces.
You spent 48 gold pieces at shops.

Inventory:

Hand Weapons
 k - a +7 short sword of draining (weapon)
Missiles
 c - 6 poisoned darts
 i - 166 stones
Armour
 a - a +0 robe
 n - a +3 leather armour (worn)
Jewellery
 b - an amulet of reflection (around neck)
 h - a ring of wizardry
Scrolls
 d - 2 scrolls of immolation
 j - a scroll of blinking
 p - a scroll of holy word {unknown}
 t - a scroll of amnesia {unknown}
Potions
 f - a potion of brilliance
 l - 2 potions of curing
 o - a potion of berserk rage
 q - a potion of resistance
 s - a potion of haste {unknown}
 u - a potion of might {unknown}


   Skills:
 + Level 1.1 Fighting
 + Level 1.9 Short Blades
 + Level 4.2 Armour
 + Level 2.6 Dodging
 + Level 3.4 Stealth
 + Level 1.6 Shields
 + Level 4.8 Spellcasting
 + Level 8.6 Conjurations


You had 8 spell levels left.
You knew the following spells:

 Your Spells              Type           Power      Damage    Failure   Level
a - Magic Dart            Conj           100%       1d8       1%          1
b - Searing Ray           Conj           86%        2d7       1%          2
c - Shock                 Conj/Air       96%        1d9       2%          1
d - Fulminant Prism       Conj/Hex       12%        3d9       26%         4

Your spell library contained the following spells:

 Spells                   Type           Power      Damage    Failure   Level
 Freeze                   Ice            20%        1d4       16%         1
 Dazzling Flash           Conj/Hex       48%        N/A       8%          3
 Mephitic Cloud           Conj/Pois/Air  17%        N/A       14%         3
 Call Imp                 Summ           5%         N/A       22%         2
 Ensorcelled Hibernation  Hex/Ice        10%        N/A       22%         2
 Iskenderun's Mystic Bla  Conj/Tloc      24%        2d7       26%         4
 Inner Flame              Hex/Fire       5%         N/A       41%         3
 Fireball                 Conj/Fire      12%        3d7       56%         5
 Animate Armour           Summ/Erth      10%        N/A       83%         4
 Cause Fear               Hex            2%         N/A       83%         4
 Iron Shot                Conj/Erth      12%        9d3       98%         6
 Blade Hands              Tmut           2%         N/A       99%         5


Dungeon Overview and Level Annotations

Branches:
Dungeon (6/15)
 Temple: D:4-7

Altars:
Ashenzari
Cheibriados
Dithmenos
Gozag
Okawaru
Qazlal
Vehumet
Wu Jian

Shops:
D:1 [[(   D:4 ?

Annotations:
D:5 Blork the orc


Innate Abilities, Weirdness & Mutations

You have a beak for a mouth.
You have claws for feet.
Your magical nature lets you fly swiftly and evasively.


Message History

The orc priest is severely wounded.
The orc barely misses you.
You hit the orc. Your peck misses the orc.
The orc is moderately wounded.
The orc hits you with a +3 short sword.
The orc priest mumbles some strange prayers to Beogh against you.
Beogh smites you!
* * * LOW HITPOINT WARNING * * *
You block the orc's attack.
The orc warrior hits you with a +2 vorpal hand axe.
* * * LOW HITPOINT WARNING * * *
x2 You fly upwards.
Level annotation: Blork the orc
There is a stone staircase leading down here.
The orc warrior hits you with a +2 vorpal hand axe.
* * * LOW HITPOINT WARNING * * *
x2 You see here a +0 spear of venom.
There is a stone staircase leading up here.
You fly upwards.
There is a stone staircase leading down here.
You start resting.
HP restored.
You fly downwards.
Level annotation: Blork the orc The orc warrior barely misses you.
There is a stone staircase leading up here.
Casting: Searing Ray (safe; 1% risk of failure)
Confirm with . or Enter, or press ? or * to list all spells.
Aiming: Searing Ray (safe; 1% risk of failure)
Press: ? - help, Shift-Dir - straight line The searing ray hits the orc warrior but does no damage. (Press . to maintain the ray.)
The orc warrior hits you with a +2 vorpal hand axe!
You block the orc's attack.
The searing ray hits the orc warrior but does no damage.
The orc warrior hits you with a +2 vorpal hand axe!
The orc hits you with a +3 short sword.
The searing ray hits the orc warrior but does no damage.
The orc warrior hits you with a +2 vorpal hand axe!
You die...

#.......... ###.........
##........... #...[....[...
###### ### ##............
#......# #.###............#
###......###..##...o........#
##........#[...###.##o........
##........##..@o....##.........
#..#...#...#...o....#......##..
##...#....###........#.....###.
####.###......###......#.....#..#
#...........##..###...........###
...<...###...###..#############..
#......##......###..#.......#..##
#................##.'..8⌠8..'.##.
[##..#.........###..#.......#..##


You could see an orc warrior and an orc.

Vanquished Creatures
  A water moccasin (D:5)
  An ice beast (D:5)
  An orc warrior (D:6)
  2 necrophages (D:5)
  A water moccasin skeleton (D:4)
  A bullfrog zombie (D:5)
  An orc priest (D:6)
  A bullfrog skeleton (D:4)
  3 hounds
  A jelly (D:6)
  3 orc wizards (D:6)
  Robin (D:2)
  7 gnolls
  8 adders
  2 worms
  3 dart slugs
  8 orcs
  11 endoplasms
  5 giant cockroaches
  17 goblins
  5 hobgoblins
  4 jackals (D:1)
  5 kobolds
  3 quokkas
  3 ball pythons
  5 bats
  A frilled lizard (D:3)
  7 rats
111 creatures vanquished.

Vanquished Creatures (others)
  4 fungi (D:1)
4 creatures vanquished.

Grand Total: 115 creatures vanquished

Notes
Turn   | Place    | Note
-------+----------+-------------------------------------------
     0 | D:1      | themarg the Tengu Conjurer began the quest for the Orb.
     0 | D:1      | Reached XP level 1. HP: 10/10 MP: 4/4
   137 | D:1      | Found Peah's Armour Shop.
   205 | D:1      | Reached XP level 2. HP: 15/15 MP: 3/6
   316 | D:1      | Reached skill level 6 in Conjurations
   411 | D:1      | Found a faded altar of an unknown god.
   415 | D:1      | Got Plato's Handbook of Arcane Weapons and the Birds
   441 | D:1      | Found Wuat's Weapon Boutique.
   500 | D:1      | Learned a level 2 spell: Searing Ray
   502 | D:1      | Learned a level 1 spell: Shock
   518 | D:1      | Reached XP level 3. HP: 18/19 MP: 0/7
   966 | D:1      | Found Ullaf's Armour Shop.
  1495 | D:2      | Noticed Robin
  1497 | D:2      | Killed Robin
  1498 | D:2      | Reached XP level 4. HP: 20/24 MP: 3/8
  2507 | D:3      | Gained mutation: Your magical nature lets you fly swiftly
                  | and evasively. [Tengu growth]
  2507 | D:3      | Reached XP level 5. HP: 28/28 MP: 6/10
  2999 | D:4      | Reached skill level 7 in Conjurations
  3170 | D:4      | Found an iron altar of Okawaru.
  3351 | D:4      | Found Amparph's Magic Scroll Boutique.
  3355 | D:4      | Bought a scroll of identify for 24 gold pieces
  3355 | D:4      | Bought a scroll of identify for 24 gold pieces
  3711 | D:4      | Reached XP level 6. HP: 32/32 MP: 6/12
  4001 | D:4      | Found an ornate altar of the Wu Jian Council.
  4005 | D:4      | Found a broken altar of Ashenzari.
  4144 | D:5      | Entered Level 5 of the Dungeon
  4167 | D:5      | Got the Catalogue of Igneous Curses
  4265 | D:5      | Found a stormy altar of Qazlal.
  4277 | D:5      | Found a snail-covered altar of Cheibriados.
  4280 | D:5      | Found an opulent altar of Gozag.
  4290 | D:5      | Found a radiant altar of Vehumet.
  4297 | D:5      | Reached skill level 1 in Armour
  4359 | D:5      | Became a worshipper of Vehumet
  4394 | D:5      | Noticed a necrophage
  4400 | D:5      | Killed a necrophage
  4462 | D:5      | Noticed Blork the orc
  4662 | D:4      | Learned a level 4 spell: Fulminant Prism
  4718 | D:5      | Reached XP level 7. HP: 34/36 MP: 11/14
  5002 | D:5      | Reached skill level 8 in Conjurations
  5168 | D:5      | Reached skill level 1 in Short Blades
  5276 | D:5      | Found a shadowy altar of Dithmenos.
  5699 | D:5      | Reached XP level 8. HP: 17/42 MP: 13/16
  5880 | D:6      | Reached skill level 1 in Shields
  5884 | D:6      | Reached skill level 1 in Fighting
  5886 | D:6      | Reached * piety under Vehumet
  5886 | D:6      | Offered knowledge of Freeze by Vehumet.
  6249 | D:5      | HP: 2/43 [orc warrior (3)]
  6553 | D:5      | Slain by an orc warrior

Illustrated notes

Levels and vault maps discovered:
D:1:      ebering_trefoil_twist, layout_basic,
          shapermc_ecumenical_altar_rom_forum, serial_shops,
          nicolae_shop_temple_entry_statues_fountains, shop, nicolae_square_shop
D:2:      wander_river, layout_loops_ring, kennysheep_crisscross, uniq_robin
D:3:      kennysheep_six_static_rooms, layout_basic
D:4:      layout_loops_corners, minitemple, okawaru_ov_weapons_minmay,
          serial_shops, shop, serial_glass, glass_columns_b, glass_columns_c,
          solitary_fountain, serial_park_tiny_pond, nrook_campfire
D:5:      layout_cave_pools, lemuel_coloured_pillars_altar,
          grunt_temple_overflow_cloverleaf, ebering_dispersal_statue_hall,
          grunt_decor_clamped, uniq_blork_the_orc
D:6:      lemuel_slime, layout_loops_ring, portal_sewer_entry_c,
          enter_ossuary_5, pf_guarded_unrand_meek

Skill      XL: |  1  2  3  4  5  6  7  8 |
---------------+-------------------------+-----
Conjurations   | 6 7 8 |  8.6
Stealth        | 3 |  3.4
Spellcasting   | 3 4 |  4.8
Armour         | 2 3 4 |  4.2
Short Blades   | 1 |  1.9
Shields        | 1 |  1.6
Fighting       | 1 |  1.1
Dodging        | |  2.6

Action                   |  1- 3 |  4- 6 |  7- 9 || total
-------------------------+-------+-------+-------++-------
Melee: Unarmed           |     6 |       |       ||     6
       Peck              |     3 |       |     9 ||    12
       Dagger            |    11 |     1 |       ||    12
       Whip              |     3 |       |       ||     3
       Kick              |     5 |     1 |    14 ||    20
       Punch             |     1 |       |     1 ||     2
       Short sword       |       |     9 |    51 ||    60
 Cast: Magic Dart        |    65 |    61 |    10 ||   136
       Searing Ray       |     3 |    15 |    10 ||    28
       Shock             |       |       |     6 ||     6
  Use: Scroll            |       |     6 |     4 ||    10
       Potion            |       |       |     4 ||     4
 Stab: Sleeping          |     1 |       |       ||     1
Armor: Robe              |     3 |       |       ||     3
       Leather armour    |       |     1 |    17 ||    18
Dodge: Dodged            |     9 |     8 |    37 ||    54
Block: Other             |     1 |     4 |    19 ||    24
       Reflection        |       |     1 |       ||     1
